cohdb
Replays
Latest Replays
All Replays
Popular Replays
Top Player Replays
Match Explorer
How It Works
Community
CoH3 Stats
Reddit
Sign in to upload your games and track your stats! →
Sign in with Steam
Match 41329058
Unlisted
Match 41329058
Overview
Messages
Build Orders
End
Construct Infanterie Kompanie
Kettenkrad Recon Vehicle
MG 42 Machine Gun Team
Selects Mechanized Battlegroup
Grenadier Squad
Grenadier Squad
MG 42 Machine Gun Team
Construct Luftwaffe Kompanie
Jäger Squad
Support Elements
Jäger Squad
Selects Spotting Scopes
Wirbelwind Flakpanzer
Flak 30 Anti-aircraft Gun Team
Selects Wespe Self-propelled Artillery
Selects Zeroing Artillery Barrage
Zeroing Artillery Barrage
Construct Panzer Kompanie
Stoßtruppen Squad
Fries
DerWixxer!
coledj0408
S.W.A
0
0
Comments
sign in to comment!
No comments posted yet!